Map: Triton LE

Players

Alken - Winner!

  • Race: Protoss Protoss
  • League: Diamond
  • Spawn Location: 11:00

sineon

  • Race: Terran Terran
  • League: Platinum
  • Spawn Location: 5:00

VOD

Have the link to the VOD?

Description

Time

  • Played on: Sept. 7, 2019, 3:59 p.m.
  • Length: 13:55
Show
View Real Time Build Order
Export as new Build Order

Alken Protoss - Winner!

Build Orders:  

Get SALT Encoding   

  12  0:01  Probe  
  13  0:13  Probe  
  14  0:18  Pylon  
  14  0:25  Probe  
  15  0:34  Probe  
  15  0:39  Gateway  
  16  0:44  Probe  
  16  0:48  Assimilator  
  17  0:54  Probe  
  18  1:04  Probe  
  19  1:12  Probe  
  20  1:21  Probe  
  21  1:26  Cybernetics Core  
  21  1:27  Zealot  
  23  1:35  Pylon  
  23  1:38  Assimilator  
  23  1:53  Probe  
  24  2:01  Stalker  
  26  2:10  Nexus  
  26  2:13  Probe  
  27  2:20  Pylon  
  27  2:24  Warp Gate  
  27  2:31  Stalker  
  29  2:43  Probe  
  30  2:48  Robotics Facility  
  30  2:55  Probe  
  31  3:04  Gateway  
  33  3:05  Sentry  
  33  3:07  Probe  
  34  3:19  Probe  
  34  3:20  Probe  
  36  3:27  Probe  
  37  3:38  Shield Battery, Sentry  
  37  3:39  Pylon  
  39  3:42  Probe  
  39  3:43  Probe  
  39  3:45  Observer  
  42  3:52  Stalker  
  42  3:54  Probe  
  45  3:57  Pylon  
  45  3:58  Probe  
  46  4:10  Immortal, Probe x2  
  46  4:14  Assimilator  
  46  4:16  Assimilator  
  48  4:22  Probe  
  53  4:25  Probe  
  53  4:28  Pylon  
  54  4:34  Probe  
  54  4:37  Probe  
  56  4:43  Stalker  
  56  4:44  Stalker  
  60  4:56  Probe x2  
  60  4:57  Phoenix  
  62  5:01  Robotics Bay  
  62  5:02  Immortal  
  66  5:08  Probe  
  66  5:10  Zealot x2  
  66  5:11  Probe  
  72  5:17  Pylon  
  72  5:24  Pylon  
  72  5:26  Probe x2  
  74  5:35  Warp Prism  
  74  5:38  Gateway  
  74  5:40  Gateway, Probe x2  
  76  5:43  Pylon  
  78  5:59  Stalker x2  
  78  6:02  Stargate  
  82  6:10  Shield Battery x2  
  82  6:11  Probe x2  
  84  6:14  Observer  
  85  6:23  Colossus  
  81  6:32  Stalker x2  
  69  6:51  Stalker  
  69  6:52  Stalker  
  66  6:56  Probe x2  
  66  6:59  Extended Thermal Lance  
  66  7:00  Zealot x2  
  68  7:16  Zealot x2  
  68  7:24  Stalker x2  
  68  7:25  Probe  
  68  7:26  Probe  
  67  7:38  Stalker x2  
  67  7:51  Probe x2  
  65  7:52  Stalker x2  
  69  8:02  Stalker x2  
  71  8:19  Zealot x2  
  73  8:28  Zealot x2  
  77  8:42  Zealot x2  
  77  8:52  Stalker x2  
  81  9:06  Stalker x2  
  81  9:20  Probe x2  
  81  9:27  Pylon  
  81  9:30  Observer, Assimilator  
  79  9:32  Shield Battery  
  79  9:33  Shield Battery, Sentry  
  79  9:34  Sentry x3  
  88  9:52  Void Ray  
  88  9:58  Probe x2  
  90  10:06  Stalker x3  
  90  10:21  Void Ray  
  88  10:35  Zealot x4  
  98  10:48  Nexus  
  98  10:52  Pylon  
  98  10:54  Pylon  
  98  10:56  Gateway x2  
  98  10:58  Gateway  
  98  11:02  Pylon  
  98  11:03  Pylon  
  98  11:05  Colossus  
  98  11:08  Zealot x2  
  108  11:16  Void Ray  
  112  11:34  Shield Battery  
  112  11:35  Shield Battery  
  112  11:38  Pylon  
  112  11:41  Stargate  
  112  11:45  Void Ray  
  116  12:08  Probe x2  
  116  12:09  Shield Battery, Assimilator  
  116  12:11  Assimilator  
  118  12:19  Pylon  
  118  12:26  Void Ray x2  
  126  12:55  Stalker x3  
  126  12:57  Zealot  
  126  13:21  Stalker x3  
  126  13:22  Stalker  
Show
View Real Time Build Order
Export as new Build Order

sineon Terran 

Build Orders: Banshee Rush 

Get SALT Encoding   

  12  0:01  SCV  
  13  0:13  SCV  
  14  0:17  Supply Depot  
  14  0:25  SCV  
  15  0:30  Refinery  
  15  0:42  Barracks  
  15  0:45  SCV  
  17  0:57  SCV  
  17  1:09  SCV  
  18  1:21  SCV  
  18  1:23  Refinery  
  19  1:29  Barracks Reactor  
  19  1:32  Supply Depot  
  19  1:33  Orbital Command  
  19  1:52  Factory  
  19  2:01  SCV  
  20  2:06  Marine x2  
  22  2:19  SCV  
  23  2:25  Marine  
  23  2:26  Marine  
  25  2:31  SCV  
  25  2:35  Supply Depot  
  25  2:36  Starport  
  26  2:37  Factory Tech Lab  
  25  2:52  Marine x2  
  25  2:58  SCV  
  28  3:06  Supply Depot  
  28  3:10  SCV  
  29  3:17  Marine x2  
  29  3:18  Banshee  
  29  3:19  Factory Tech Lab  
  33  3:24  SCV  
  34  3:39  Siege Tank  
  37  3:42  Marine x2  
  37  3:47  SCV  
  40  3:49  Cloaking Field  
  40  4:01  Banshee  
  43  4:04  Marine x2  
  45  4:19  Supply Depot  
  45  4:25  Fusion Core  
  45  4:41  Siege Tank  
  45  4:42  Supply Depot  
  45  4:43  SCV  
  49  4:50  Marine x2  
  51  4:59  Engineering Bay  
  51  5:03  Command Center  
  51  5:07  Supply Depot  
  51  5:08  Marine x2  
  51  5:13  Hellion  
  55  5:28  Battlecruiser  
  61  5:30  Marine  
  61  5:33  Marine  
  63  5:47  Hellion  
  63  5:48  SCV  
  66  5:59  Marine x2  
  68  6:08  Hellion  
  70  6:31  Marine x2  
  70  6:32  Hellion  
  72  6:33  Battlecruiser  
  64  6:47  Barracks  
  64  6:49  Marine x2  
  63  7:00  Siege Tank  
  66  7:14  Marine x2  
  68  7:16  Orbital Command  
  64  7:32  Marine x2  
  64  7:34  Hellion  
  42  8:00  Battlecruiser  
  42  8:02  SCV x2  
  45  8:14  SCV x2  
  47  8:26  Barracks Tech Lab  
  45  8:27  Marine x2  
  14  9:12  SCV  
  14  9:13  SCV  
  15  9:25  SCV x2  
  17  9:37  Refinery, SCV x2  
  19  9:42  Battlecruiser  
  19  9:43  Marine x2  
  19  9:45  Hellion  
  29  9:49  SCV  
  30  10:01  Marine x2  
  30  10:05  SCV x2  
  34  10:17  SCV  
  34  10:18  SCV  
  36  10:46  Marine x2  
  36  10:48  Marauder  
  36  10:49  Siege Tank  
  43  10:54  SCV  
  43  10:55  SCV  
  45  11:07  SCV x2  
  45  11:08  Terran Infantry Weapons Level 1  
  45  11:10  Marine x2  
  49  11:17  Marine  
  50  11:31  SCV x2  
  52  11:40  Marine x2  
  52  11:41  Marine  
  52  11:43  SCV x2  
  57  11:55  SCV x2  
  59  12:10  Liberator  
  59  12:23  Marine x3  
  59  12:25  Siege Tank  
  68  12:31  SCV x2  
  70  12:42  Supply Depot  
  70  12:44  Supply Depot, Marine  
  70  12:45  Marine x2  
Tags
 
Add a new tag
Caveats
  • Supply blocks, unpowered buildings, or Contaminate may cause inaccurate times.
  • Supply counts are checked every 10 seconds.